Map: Pillars of Gold LE

Players

piglet

  • Race: Terran Terran
  • League: Grandmaster
  • Spawn Location: 1:00

Azure - Winner!

  • Race: Terran Terran
  • League: Grandmaster
  • Spawn Location: 7:00

Event: DreamHack SC2 Masters 2020 Winter

VOD

Have the link to the VOD?

Description

Time

  • Played on: Oct. 18, 2020, 12:39 a.m.
  • Length: 4:57

All games in this series

Show
View Real Time Build Order
Export as new Build Order

piglet Terran 

Build Orders: Gas First Reaper Expand 

Get SALT Encoding   

  12  0:00  SCV  
  13  0:12  SCV  
  14  0:17  Supply Depot  
  14  0:25  SCV  
  15  0:29  Refinery  
  15  0:39  SCV  
  16  0:47  Barracks  
  16  0:51  SCV  
  17  1:03  SCV  
  18  1:15  SCV  
  19  1:34  Orbital Command, Reaper  
  20  1:46  Command Center  
  20  1:56  Factory  
  20  2:00  SCV  
  21  2:07  Barracks Reactor  
  21  2:10  Refinery  
  21  2:12  SCV  
  22  2:17  Supply Depot  
  22  2:24  SCV  
  23  2:39  SCV  
  23  2:40  Factory Tech Lab  
  24  2:44  Marine x2  
  24  2:45  Starport  
  26  2:57  Orbital Command  
  26  3:03  Cyclone  
  29  3:06  SCV  
  29  3:08  Marine  
  29  3:12  Marine  
  32  3:18  SCV  
  32  3:22  Medivac  
  32  3:24  SCV  
  32  3:26  Marine  
  36  3:29  Marine  
  36  3:33  SCV  
  38  3:36  SCV  
  38  3:37  Supply Depot  
  39  3:45  SCV  
  40  3:50  Factory Tech Lab  
  40  3:51  Marine x2  
  42  3:59  SCV x2  
  44  4:04  Raven  
  44  4:09  Marine x2  
  48  4:11  SCV  
  47  4:17  SCV  
  37  4:27  Marine x2  
  31  4:32  SCV  
Show
View Real Time Build Order
Export as new Build Order

Azure Terran - Winner!

Build Orders: 1/1/1 

Get SALT Encoding   

  12  0:01  SCV  
  13  0:13  SCV  
  14  0:17  Supply Depot  
  14  0:25  SCV  
  14  0:28  Refinery  
  15  0:39  SCV  
  16  0:45  Barracks  
  16  0:51  SCV  
  16  0:56  Refinery  
  17  1:03  SCV  
  18  1:15  SCV  
  19  1:32  Orbital Command  
  19  1:33  Reaper  
  19  1:39  Factory  
  20  1:58  SCV  
  21  2:06  Barracks Reactor  
  21  2:11  Supply Depot  
  21  2:23  Hellion  
  21  2:24  Starport  
  23  2:33  SCV, Supply Depot  
  24  2:42  Reaper x2  
  26  2:44  Hellion  
  26  2:47  SCV  
  29  2:59  SCV  
  29  3:00  Medivac  
  34  3:06  Hellion  
  34  3:09  Supply Depot  
  34  3:14  Reaper  
  34  3:18  Reaper  
  36  3:20  SCV  
  37  3:27  Factory Tech Lab  
  37  3:44  Command Center  
  37  3:46  SCV  
  38  3:56  Marine x2  
  38  3:59  SCV  
  38  4:02  Factory Tech Lab  
  41  4:12  SCV  
  42  4:23  Marine x2  
  40  4:26  SCV  
  39  4:39  SCV  
Tags
 
Add a new tag
Caveats
  • Supply blocks, unpowered buildings, or Contaminate may cause inaccurate times.
  • Supply counts are checked every 10 seconds.